 Dungeon Crawl Stone Soup version 0.28-a0-429-g1448048969 (webtiles) character file.

Game seed: 12581816496090789781

2522 timneilson the Blocker (level 9, -1/55 HPs)
             Began as a Gargoyle Fighter on Sept 12, 2021.
             Was an Initiate of Okawaru.
             Slain by a quasit (3 damage)
             ... summoned by a kobold demonologist
             ... on level 7 of the Dungeon.
             The game lasted 00:12:38 (7183 turns).

timneilson the Blocker (Gargoyle Fighter)           Turns: 7183, Time: 00:12:39

Health: -1/55      AC: 18    Str: 24    XL:     9   Next: 54%
Magic:  9/9        EV:  8    Int:  8    God:    Okawaru [......]
Gold:   1149       SH:  6    Dex:  9    Spells: 8/8 levels left

rFire   . . .      SeeInvis .   a - +1 long sword (spect)
rCold   + . .      Faith    .   c - +0 buckler
rNeg    + + .      Spirit   .   d - +1 chain mail
rPois   ∞          Reflect  .   (no helmet)
rElec   +          Harm     .   (no cloak)
rCorr   .          Rampage  .   (no gloves)
Will    .....                   (no boots)
Stlth   ..........              (no amulet)
HPRegen 0.18/turn               s - ring of protection from cold
MPRegen 0.11/turn               t - ring of positive energy

@: mighty, spiked, studying Shields
A: sickness immunity, AC +6, negative energy resistance 1, electricity
resistance, torment resistance 1, petrification resistance
a: Renounce Religion


You were on level 7 of the Dungeon.
You worshipped Okawaru.
Okawaru was noncommittal.
You visited 2 branches of the dungeon, and saw 8 of its levels.
You also visited: Sewer and Ossuary.

You collected 1149 gold pieces.

Inventory:

Hand Weapons
 a - a +1 spectral long sword (weapon)
Armour
 c - a +0 buckler (worn)
 d - a +1 chain mail (worn)
Jewellery
 s - a ring of protection from cold (left hand)
 t - a ring of positive energy (right hand)
Wands
 p - a wand of iceblast (8)
Scrolls
 b - 2 scrolls of enchant weapon
 f - 3 scrolls of amnesia
 o - 2 scrolls of magic mapping
Potions
 e - a potion of ambrosia
 g - 4 potions of curing
 h - 4 potions of attraction
 i - 5 potions of heal wounds
 j - a potion of mutation {unknown}
 k - a potion of flight {unknown}
 l - a potion of invisibility {unknown}
 m - 2 potions of lignification
 n - a potion of haste {unknown}
 r - a potion of cancellation {unknown}


   Skills:
 + Level 6.2 Fighting
 * Level 6.4 Long Blades
 * Level 8.1 Armour
 * Level 10.3 Shields


You had 8 spell levels left.
You didn't know any spells.
Your spell library contained the following spells:

 Spells                   Type           Power      Damage    Failure   Level
 Portal Projectile        Hex/Tloc       0%         N/A       100%        3
 Leda's Liquefaction      Hex/Erth       0%         N/A       100%        4
 Call Canine Familiar     Summ           Unusable   N/A       N/A         3

Dungeon Overview and Level Annotations

Branches:
Dungeon (7/15)             Temple (1/1) D:6           Sewer (visited)
Ossuary (visited)

Altars:
Ashenzari
Cheibriados
Dithmenos
Hepliaklqana
Kikubaaqudgha
Makhleb
Nemelex Xobeh
Okawaru
Qazlal
Ru
Trog
Uskayaw
Wu Jian
Xom
Zin


Innate Abilities, Weirdness & Mutations

You are immune to sickness and miasma.
Your stone body is resilient. (AC +6)
You are immune to poison.
You resist negative energy. (rN+)
You are resistant to electric shocks. (rElec)
You are resistant to unholy torment.
You are immune to petrification.


Message History

The crimson imp hits you.
The kobold demonologist hits you with a +1 dagger of protection.
The quasit barely misses you. x2
The quasit claws you but does no damage.
The quasit bites you but does no damage.
The quasit barely misses you.
The quasit claws you but does no damage.
The ynoxinul gestures at you. The iron shot hits you!
You feel much better. The crimson imp barely misses you.
The quasit bites you but does no damage.
The quasit claws you but does no damage.
The quasit misses you. The quasit closely misses you.
The quasit claws you but does no damage. x2
The kobold demonologist casts a spell.
The ynoxinul hits you.
You feel very mighty all of a sudden.
The quasit bites you but does no damage.
You block the quasit's attack.
The quasit claws you but does no damage.
The quasit closely misses you.
The quasit claws you but does no damage.
You block the quasit's attack. You block the crimson imp's attack.
The kobold demonologist barely misses you.
The ynoxinul hits you but does no damage.
The quasit barely misses you. x2
The quasit claws you but does no damage.
The red devil hits you with a +0 trident.
Barbed spikes become lodged in your body.
You closely miss the kobold demonologist.
The kobold demonologist is almost dead.
The quasit closely misses you. You block the quasit's attack.
The quasit closely misses you.
The crimson imp hits you but does no damage.
The kobold demonologist hits you but does no damage.
The ynoxinul gestures at you. The iron shot hits you!!
* * * LOW HITPOINT WARNING * * *
The quasit bites you.
You die...

.. # ## ### ... #.
#.##.# ....
#..##...#### #....
#..........## #...).
#....5.4....##....#
#.#.55@5......(..#
#...5K3.#.......##
....#..##.###...##
......# #.# #...###
#..... ##.##..##.##
......####.#.### ..#
.........#...### ..#
...........#...##..##
.......##.......#


You could see a kobold demonologist, a ynoxinul (summoned), a red devil
(summoned), 2 quasits, a crimson imp (summoned) and 2 ufetubi.

Vanquished Creatures
  A water moccasin (D:5)
  Duvessa (D:6)
  A black bear (D:4)
  Purgy (Sewer)
  2 ogres (D:5)
  2 phantoms (D:6)
  2 gnoll sergeants
  13 scorpions
  Dowan (D:6)
  A water moccasin zombie (D:7)
  A vampire bat (D:4)
  A human zombie (Ossuary)
  A jelly (D:6)
  A hound (D:5)
  A bullfrog skeleton (D:6)
  Ijyb (D:4)
  3 iguanas
  2 orc wizards
  3 scorpion zombies (Ossuary)
  3 mummies (Ossuary)
  9 adders
  13 gnolls
  A howler monkey skeleton (D:6)
  An ufetubus (D:4)
  4 dart slugs
  3 fire bats (D:4)
  14 orcs
  2 spectral bats (D:4)
  9 ball pythons
  16 bats
  3 bat skeletons (D:4)
  A bat zombie (D:4)
  2 endoplasms
  3 giant cockroaches
  A gnoll zombie (Ossuary)
  10 goblins
  8 hobgoblins
  4 jackals
  9 kobolds
  2 quokkas
  A bat simulacrum (D:4)
  5 frilled lizards
  A goblin zombie (Ossuary)
  3 hobgoblin zombies (Ossuary)
  7 kobold zombies (Ossuary)
  5 orc zombies (Ossuary)
  7 rats
186 creatures vanquished.

Notes
Turn   | Place    | Note
-------+----------+-------------------------------------------
     0 | D:1      | timneilson the Gargoyle Fighter began the quest for the
                  | Orb.
     0 | D:1      | Reached XP level 1. HP: 14/14 MP: 1/1
   359 | D:1      | Reached XP level 2. HP: 18/19 MP: 2/2
   747 | D:1      | Reached XP level 3. HP: 23/23 MP: 3/3
  1974 | D:3      | Reached XP level 4. HP: 28/28 MP: 4/4
  1990 | D:3      | Reached skill level 4 in Shields
  1999 | D:3      | Found a glowing drain.
  2012 | Sewer    | Entered a sewer
  2294 | Sewer    | Noticed Purgy
  2304 | Sewer    | Killed Purgy
  2305 | Sewer    | Reached XP level 5. HP: 21/33 MP: 5/5
  2439 | Sewer    | Identified a scroll of acquirement
  2440 | Sewer    | Acquired a manual of Shields
  3023 | D:3      | Reached XP level 6. HP: 38/38 MP: 6/6
  3351 | D:4      | Found a stormy altar of Qazlal.
  3372 | D:4      | Found a broken altar of Ashenzari.
  3418 | D:4      | Reached skill level 5 in Shields
  3548 | D:4      | Found a sand-covered staircase.
  3556 | Ossuary  | Entered an ossuary
  3571 | Ossuary  | Reached skill level 5 in Armour
  3596 | Ossuary  | Reached XP level 7. HP: 27/44 MP: 7/7
  3598 | Ossuary  | Reached skill level 6 in Shields
  3816 | Ossuary  | Reached skill level 7 in Shields
  3879 | Ossuary  | Reached XP level 8. HP: 48/48 MP: 8/8
  4217 | D:4      | Noticed Ijyb
  4224 | D:4      | Killed Ijyb
  4225 | D:4      | Reached skill level 5 in Fighting
  4540 | D:4      | Reached skill level 5 in Long Blades
  4546 | D:4      | Reached skill level 8 in Shields
  4855 | D:4      | Acquired 919 gold pieces
  5263 | D:5      | Entered Level 5 of the Dungeon
  5447 | D:5      | Found a sparkling altar of Nemelex Xobeh.
  5516 | D:5      | Identified the +1 ring mail of the Hunter {rPois rN++ Int-2
                  | SInv}
  5562 | D:5      | Reached skill level 9 in Shields
  5847 | D:5      | Reached XP level 9. HP: 38/55 MP: 9/9
  6159 | D:6      | Noticed Duvessa
  6160 | D:6      | Noticed Dowan
  6170 | D:6      | Killed Duvessa
  6178 | D:6      | Killed Dowan
  6532 | D:6      | Reached skill level 10 in Shields
  6667 | D:6      | Found a staircase to the Ecumenical Temple.
  6676 | Temple   | Entered the Ecumenical Temple
  6738 | Temple   | Became a worshipper of Warmaster Okawaru
  7168 | D:7      | Noticed a kobold demonologist
  7182 | D:7      | Noticed a red devil
  7183 | D:7      | HP: 2/55 [ynoxinul/iron shot[a kobold demonologist] (19)]
  7183 | D:7      | Slain by a quasit

Illustrated notes

Levels and vault maps discovered:
D:1:      erik_arrival_triangle_large, layout_loops_ring
D:2:      layout_basic, st_stairs_9, kennysheep_nub
D:3:      layout_basic, cheibrodos_sewer_entry_drain, grunt_ministairs_1
D:4:      layout_basic, nicolae_ashenzari_skybound,
          nicolae_qazlal_scattered_showers, chequers_ossuary_entry_cave,
          goddamned_bats, uniq_ijyb
D:5:      layout_basic, mainiacjoe_overflow_tiny_flanked,
          hangedman_abyss_or_decor_stabs
D:6:      layout_rooms, minmay_temple_entry_drinking_statues, uniq_duvessa
D:7:      layout_layer_cave
Temple:   hc_temple_tempest_star

Skill      XL: |  1  2  3  4  5  6  7  8  9 |
---------------+----------------------------+-----
Long Blades    | 2 3 4 5 6 |  6.4
Armour         | 4 5 6 7 8 |  8.1
Shields        | 4 5 7 9 10 | 10.3
Fighting       | 4 5 6 |  6.2

Action                   |  1- 3 |  4- 6 |  7- 9 || total
-------------------------+-------+-------+-------++-------
Melee: Long sword        |   136 |   143 |   256 ||   535
  Use: Scroll            |     6 |     3 |     7 ||    16
       Potion            |       |     1 |     2 ||     3
 Stab: Distracted        |       |       |     1 ||     1
Armor: Scale mail        |    71 |    30 |       ||   101
       Chain mail        |       |    58 |   194 ||   252
Dodge: Dodged            |    59 |    48 |   120 ||   227
Block: Buckler           |    30 |    31 |    90 ||   151

Table legend: (Time is in decaauts)
 A = Elapsed time spent in this place.
 B = Non-inter-level travel time spent in this place.
 C = Inter-level travel time spent in this place.
 D = Time resting spent in this place.
 E = Time spent auto-exploring this place.
 F = Levels seen in this place.
 G = Mean time per level.
                   A        B        C        D        E       F      G
               +--------+--------+--------+--------+--------+-----+--------+
         Total |   7309 |   7126 |    183 |    206 |   5339 |  10 |  730.9 |
       Dungeon |   6073 |   5904 |    169 |      0 |   4600 |   7 |  867.6 |
        Temple |    202 |    188 |     14 |      0 |    174 |   1 |  202.0 |
         Sewer |    448 |    448 |      0 |    206 |    170 |   1 |  448.0 |
       Ossuary |    584 |    584 |      0 |      0 |    394 |   1 |  584.0 |
               +--------+--------+--------+--------+--------+-----+--------+

Top non-repeatable levels by time:
     D:4: 1369 daAuts
     D:1: 1051 daAuts
     D:3: 981 daAuts
     D:2: 941 daAuts
     D:5: 894 daAuts
     D:6: 779 daAuts
 Ossuary: 584 daAuts
   Sewer: 448 daAuts
  Temple: 202 daAuts
     D:7: 56 daAuts
